AoeStats
← NATIVE RADIX

African Clearing

510826988Analyzed
4v4 RM · 22h ago on Oct 2, 2026· 23m 2s· 8 players
Game mode
Random Map
Map size
Large (8 player)
Population
200
Speed
Normal
Resources
Standard
Victory
Conquest
Starting age
Dark Age
Ending age
Imperial Age
RankedLock teamsTeams togetherTeam positionsShared explorationLock speedFull tech treeHidden civsTurbo modeCheats
Victory
Defeat
🇧🇷 Cumans · Brazil
779
+14
🇪🇸 Dravidians · Spain
766
+14
🇺🇸 Byzantines · United States
743
+15
🇺🇸 Malians · United States
715
+16
🇹🇷 Spanish · Türkiye
760
-16
🇩🇰 Lithuanians · Denmark
731
-15
🇮🇪 Khitans · Ireland
701
-14
🇫🇷 Khmer · France
697
-14
DvDCover1028
12:20 Feudal Age
13:39 Wheelbarrow
13:03 Domestication
14:15 Town Watch
16:53 Gold Mining
19:58 Forging
Devil
5:52 Loom
16:41 Feudal Age
I MISS HER
16:51 Feudal Age
17:20 Double-Bit Axe
17:00 Man-at-Arms
21:32 Bloodlines
j55/tyl777
8:06 Loom
19:01 Feudal Age
NATIVE RADIX
9:18 Loom
17:26 Feudal Age
21:57 Castle Age
21:10 Wheelbarrow
StormThane
3:35 Loom
15:15 Feudal Age
16:45 Wheelbarrow
16:00 Double-Bit Axe
15:59 Horse Collar
16:34 Arson
17:59 Forging
18:04 Gold Mining
17:41 Man-at-Arms
19:51 Scale Mail Armor
21:22 Stone Mining
25:40 Castle Age
Will Rossi
4:23 Loom
12:52 Feudal Age
21:05 Bloodlines
TurulloMix
7:51 Loom
20:08 Feudal Age
20:09 Man-at-Arms
20:47 Double-Bit Axe
21:02 Arson
Connection lost

Rejoining the realm…

Still unreachable

The connection could not be restored.

Session expired

The server has moved on; the page needs a fresh start.